 Dungeon Crawl Stone Soup version 0.27.1-1-g398f81649c (webtiles) character file.

Game seed: 9584776946530439507

116 zdrol the Shield-Bearer (level 4, -4/40 HPs)
             Began as a Minotaur Fighter on Sept 5, 2021.
             Killed from afar by Natasha (11 damage)
             ... with a magic dart
             ... on level 2 of the Dungeon.
             The game lasted 00:04:17 (1216 turns).

zdrol the Shield-Bearer (Minotaur Fighter)          Turns: 1216, Time: 00:04:20

Health: -4/40      AC:  7    Str: 22    XL:     4   Next: 70%
Magic:  3/3        EV:  8    Int:  5    God:
Gold:   37         SH: 10    Dex:  9    Spells: 3/3 levels left

rFire    . . .     SeeInvis .   a - +0 long sword
rCold    . . .     Faith    .   c - +0 kite shield
rNeg     . . .     Spirit   .   b - +0 scale mail
rPois    .         Reflect  .   (helmet restricted)
rElec    .         Harm     .   (no cloak)
rCorr    .         Rampage  .   (no gloves)
Will     .....                  (no boots)
Stlth    ..........             (no amulet)
HPRegen  0.13/turn              (no ring)
MPRegen  0.08/turn              (no ring)

@: flying
A: horns 2, retaliatory headbutt
a: no special abilities


You were on level 2 of the Dungeon.
You visited 1 branch of the dungeon, and saw 2 of its levels.

You collected 37 gold pieces.

Inventory:

Hand Weapons
 a - a +0 long sword (weapon)
Armour
 b - a +0 scale mail (worn)
 c - a +0 kite shield (worn)
Jewellery
 g - a ring of magical power
Scrolls
 e - a scroll of acquirement {unknown}
 j - a scroll of identify {unknown}
Potions
 d - 3 potions of might
 h - a potion of resistance {unknown}
 i - a potion of curing {unknown}


   Skills:
 + Level 4.2 Fighting
 + Level 3.3 Long Blades
 + Level 4.4 Armour
 + Level 0.7 Dodging
 + Level 5.1 Shields


You had 3 spell levels left.
You didn't know any spells.
Your spell library was empty.

Dungeon Overview and Level Annotations

Branches:
Dungeon (2/15)

Altars:

Annotations:
D:2 Natasha


Innate Abilities, Weirdness & Mutations

You have a pair of horns on your head.
You reflexively headbutt those who attack you in melee.


Message History

Terence hits you with a +0 flail.
You hit Terence. Your headbutt misses Terence.
Terence is heavily wounded.
You block Terence's attack. Terence hits you with a +0 flail.
You hit Terence but do no damage. You headbutt Terence, but do no damage.
Terence is heavily wounded.
Terence hits you with a +0 flail!
* * * LOW HITPOINT WARNING * * *
You slash Terence!
You kill Terence!
Your Shields skill increases to level 5!
You slash the hobgoblin!
You kill the hobgoblin!
You block the frilled lizard's attack.
Your shield prevents you from hitting the frilled lizard.
Your headbutt misses the frilled lizard.
You block the frilled lizard's attack.
You closely miss the frilled lizard.
Your headbutt misses the frilled lizard.
The frilled lizard completely misses you.
You furiously retaliate!
You headbutt the frilled lizard, but do no damage.
The frilled lizard misses you.
You barely miss the frilled lizard. The frilled lizard bites you.
* * * LOW HITPOINT WARNING * * *
You barely miss the frilled lizard. The frilled lizard closely misses you.
You block the frilled lizard's attack.
You hit the frilled lizard. You headbutt the frilled lizard.
You kill the frilled lizard!
Things that are here:
a +0 flail; a +0 scale mail; a hobgoblin corpse You start resting.
Natasha, Servant of Life and Death comes into view.
It was a potion of flight.
You feel very buoyant.
You fly up into the air.
Natasha hisses angrily.
Natasha stares at you and mumbles some strange words.
The magic dart hits you!
You die...

.......# ####.........#
.......###............#
.......#..............#
.........#+#..........#
......#.## ##.........#
........# #........##
......### ###.....##
.....## ##.#### .....#
#@# ..)..## ##.#
......## ###..#
........# #...##
.######.## ##.### ....#
#..###..#
.##.####...h.##
..........####
......#####


You could see Natasha.

Vanquished Creatures
  Terence (D:2)
  Natasha (twice) (D:2)
  An adder (D:2)
  A dart slug (D:1)
  3 ball pythons
  2 giant cockroaches (D:1)
  2 goblins
  6 hobgoblins
  4 jackals (D:1)
  A kobold (D:1)
  A quokka (D:2)
  2 bats (D:1)
  A frilled lizard (D:2)
  4 rats (D:1)
31 creatures vanquished.

Notes
Turn   | Place    | Note
-------+----------+-------------------------------------------
     0 | D:1      | zdrol the Minotaur Fighter began the quest for the Orb.
     0 | D:1      | Reached XP level 1. HP: 19/19 MP: 0/0
   120 | D:1      | Reached skill level 4 in Shields
   120 | D:1      | Reached XP level 2. HP: 11/27 MP: 1/1
   688 | D:1      | Found a faded altar of an unknown god.
   941 | D:2      | Noticed Natasha
   947 | D:2      | Killed Natasha
   948 | D:2      | Reached XP level 3. HP: 21/33 MP: 2/2
  1012 | D:2      | Noticed Natasha
  1020 | D:2      | Killed Natasha
  1021 | D:2      | Reached XP level 4. HP: 23/40 MP: 3/3
  1184 | D:2      | Noticed Terence
  1207 | D:2      | Killed Terence
  1208 | D:2      | Reached skill level 5 in Shields
  1215 | D:2      | Noticed Natasha
  1216 | D:2      | Killed from afar by Natasha

Illustrated notes

Levels and vault maps discovered:
D:1:      kilobyte_arrival_exit_the_forest, layout_rooms,
          shapermc_ecumenical_altar_petra, interstate_on_off, nrook_mini_vaults
D:2:      cheibrodos_greedy_goblins, layout_rooms, basic_altar, uniq_natasha,
          uniq_terence

Skill      XL: |  1  2  3  4 |
---------------+-------------+-----
Shields        | 4 5 |  5.1
Fighting       | 4 |  4.2
Long Blades    | 3 |  3.3
Armour         | 4 |  4.4
Dodging        | |  0.7

Action                   |  1- 3 |  4- 6 || total
-------------------------+-------+-------++-------
Melee: Long sword        |    47 |    27 ||    74
       Headbutt          |     9 |     6 ||    15
  Use: Potion            |       |     1 ||     1
Armor: Scale mail        |    31 |     4 ||    35
Dodge: Dodged            |    26 |     7 ||    33
Block: Kite shield       |    35 |    17 ||    52
       Rpst.: Long sword |     9 |     1 ||    10
